 Dungeon Crawl Stone Soup version 0.27.1-1-g398f81649c (webtiles) character file.

Game seed: 11165191400482550343

66 Descartes the Skirmisher (level 3, -13/37 HPs)
             Began as a Troll Delver on Sept 8, 2021.
             Mangled by a wyvern (14 damage)
             ... on level 4 of the Dungeon.
             The game lasted 00:00:30 (121 turns).

Descartes the Skirmisher (Troll Delver)              Turns: 121, Time: 00:00:31

Health: -13/37     AC:  4    Str: 20    XL:     3   Next: 96%
Magic:  2/2        EV: 10    Int:  6    God:
Gold:   0          SH:  0    Dex: 12    Spells: 2/2 levels left

rFire    . . .     SeeInvis .     - Unarmed
rCold    . . .     Faith    .   (no shield)
rNeg     . . .     Spirit   .   a - +0 robe
rPois    .         Reflect  .   (helmet restricted)
rElec    .         Harm     .   (no cloak)
rCorr    .         Rampage  .   (gloves unavailable)
Will     .....                  (boots unavailable)
Stlth    ++........             (no amulet)
HPRegen  1.12/turn              (no ring)
MPRegen  0.08/turn              (no ring)

@: no status effects
A: large, unfitting armour, claws 3, regeneration 1, shaggy fur 1, tough skin 1
a: no special abilities


You were on level 4 of the Dungeon.
You visited 1 branch of the dungeon, and saw 2 of its levels.

Inventory:

Armour
 a - a +0 robe (worn)
Wands
 f - a wand of digging (3)
Scrolls
 b - a scroll of fog
 c - a scroll of magic mapping
 d - a scroll of fear
 g - a scroll of identify {unknown}
Potions
 e - a potion of haste


   Skills:
 + Level 3.0 Fighting
 + Level 2.3 Dodging
 - Level 2.7 Stealth
 + Level 2.9 Unarmed Combat


You had 2 spell levels left.
You didn't know any spells.
Your spell library was empty.

Dungeon Overview and Level Annotations

Branches:
Dungeon (5/15)
 Temple: D:4-7

Altars:


Innate Abilities, Weirdness & Mutations

You are too large for most types of armour.
You have claws for hands.
Your natural rate of healing is unusually fast.
You are covered in fur. (AC +1)
You have tough skin. (AC +1)


Message History

You scratch the wyvern but do no damage.
The wyvern bites you! The wyvern bites you.
You completely miss the wyvern. The wyvern bites you!
You are too injured to fight recklessly!
You are too injured to fight recklessly!
You are too injured to fight recklessly!
You are too injured to fight recklessly!
You are too injured to fight recklessly!
You are too injured to fight recklessly!
You are too injured to fight recklessly!
You are too injured to fight recklessly!
You are too injured to fight recklessly!
You are too injured to fight recklessly!
You are too injured to fight recklessly!
You are too injured to fight recklessly!
You are too injured to fight recklessly!
You are too injured to fight recklessly!
You are too injured to fight recklessly!
You are too injured to fight recklessly!
You are too injured to fight recklessly!
You barely miss the wyvern. The wyvern misses you.
The wyvern barely misses you.
You closely miss the wyvern. The wyvern bites you!
* * * LOW HITPOINT WARNING * * *
You closely miss the wyvern. The wyvern bites you.
* * * LOW HITPOINT WARNING * * *
The wyvern bites you.
* * * LOW HITPOINT WARNING * * *
You claw the wyvern!
The wyvern is moderately wounded.
The wyvern barely misses you.
You scratch the wyvern but do no damage.
The wyvern is moderately wounded.
The wyvern barely misses you.
You scratch the wyvern.
The wyvern is heavily wounded.
The wyvern bites you.
* * * LOW HITPOINT WARNING * * *
The wyvern bites you!
You die...

..## ...# #
#....#### .##.# #
#...l.### ..##.# #
#@..# #.# #.# #
###.###..# #.# #
#.####.....# #.# #
#.....†..### #.#
## ....####....#
#.####. ## ###..#
##......
#..####....###
.######.###...#.##
#
............###.#
#


You could see a wyvern.

Vanquished Creatures
  A howler monkey (D:4)
  A hound skeleton (D:5)
  An adder (D:4)
  An adder skeleton (D:4)
  An endoplasm (D:4)
  A quokka (D:4)
6 creatures vanquished.

Notes
Turn   | Place    | Note
-------+----------+-------------------------------------------
     0 | D:5      | Descartes the Troll Delver began the quest for the Orb.
     0 | D:5      | Reached XP level 1. HP: 22/22 MP: 0/0
    14 | D:5      | Noticed a howler monkey
    17 | D:5      | Noticed an orc wizard
    27 | D:5      | Noticed an orc wizard
    33 | D:5      | Noticed an orc priest
    37 | D:5      | Reached XP level 2. HP: 24/29 MP: 1/1
    54 | D:4      | Killed a howler monkey
    55 | D:4      | Reached XP level 3. HP: 28/36 MP: 2/2
   101 | D:4      | Reached skill level 3 in Fighting
   111 | D:4      | Noticed a wyvern
   121 | D:4      | HP: 1/37 [wyvern (5)]
   121 | D:4      | Mangled by a wyvern

Illustrated notes

Levels and vault maps discovered:
D:4:      layout_rooms, uniq_duvessa, uniq_sigmund, uniq_crazy_yiuf_cottage
D:5:      layout_cave_pools

Skill      XL: |  1  2  3 |
---------------+----------+-----
Dodging        | 2 |  2.3
Fighting       | 3 |  3.0
Stealth        | |  2.7
Unarmed Combat | |  2.9

Action                   || total
-------------------------++-------
Melee: Unarmed           ||    34
Armor: Robe              ||     7
Dodge: Dodged            ||    24
